 Dungeon Crawl Stone Soup version 0.22-a0-352-gc608dd7 (webtiles) character file.

482 Amnesiac the Digger (level 6, -12/44 HPs)
             Began as a Mummy Earth Elementalist on Apr 14, 2018.
             Was an Initiate of Ashenzari.
             Mangled by Menkaure (22 damage)
             ... on level 4 of the Dungeon.
             The game lasted 00:05:59 (3975 turns).

Amnesiac the Digger (Mummy Earth Elementalist)      Turns: 3975, Time: 00:06:00

Health: -12/44     AC:  3    Str: 14    XL:     6   Next: 87%
Magic:  4/12       EV: 14    Int: 16    God:    Ashenzari [......]
Gold:   175        SH:  0    Dex: 13    Spells: 5/13 levels left

rFire    x . .     SeeInvis +   (no weapon)
rCold    + . .     Gourm    .   (no shield)
rNeg     + + +     Faith    .   j - +0 robe (curse)
rPois    ∞         Spirit   .   k - +0 helmet (curse)
rElec    .         Reflect  .   (no cloak)
rCorr    .         Harm     .   (no gloves)
MR       .....                  (no boots)
Stlth    ++........             a - amulet of the acrobat (curse)
HPRegen  0.14/turn              h - +3 ring of strength
MPRegen  0.13/turn              l - ring of see invisible (curse)

@: no status effects
A: no food or potions, fire vulnerability, cold resistance 1, negative energy
resistance 3, torment resistance, unbreathing
a: Curse Item, Renounce Religion


You were on level 4 of the Dungeon.
You worshipped Ashenzari.
Ashenzari was noncommittal.
You were not hungry.

You visited 2 branches of the dungeon, and saw 5 of its levels.

You collected 175 gold pieces.

Inventory:

Missiles
 b - 47 stones (quivered)
 f - 6 curare-tipped needles
Armour
 j - a cursed +0 robe (worn)
 k - a cursed +0 helmet (worn)
Jewellery
 a - a cursed amulet of the acrobat (around neck)
 h - a +3 ring of strength (left hand)
 l - a cursed ring of see invisible (right hand)
Scrolls
 c - a scroll of blinking {!r, unknown}
 d - 2 scrolls of teleportation {!r, unknown}
 e - 2 scrolls of magic mapping {!r, unknown}
 g - 4 scrolls of identify {!r, unknown}
 i - 2 scrolls of random uselessness {!r, unknown}


   Skills:
 - Level 2.0 Fighting
 - Level 4.0 Dodging
 - Level 1.5 Stealth
 + Level 4.1 Spellcasting
 - Level 0.7 Transmutations
 * Level 4.3 Earth Magic


You had 5 spell levels left.
You knew the following spells:

 Your Spells              Type           Power        Failure   Level  Hunger
a - Sandblast             Erth           ###...       2%          1    N/A
b - Passwall              Tmut/Erth      ##........   9%          2    N/A
d - Lee's Rapid Deconstr  Erth           ###.......   61%         5    N/A

Dungeon Overview and Level Annotations

Branches:
Dungeon (4/15)             Temple (1/1) D:4

Altars:
Ashenzari
Cheibriados
Dithmenos
Elyvilon
Fedhas
Gozag
Kikubaaqudgha
Makhleb
Nemelex Xobeh
Okawaru
Qazlal
Trog
Wu Jian
Xom
Yredelemnul
Zin
The Shining One

Annotations:
D:4 Menkaure


Innate Abilities, Weirdness & Mutations

You do not eat or drink.
Your flesh is vulnerable to fire.
You are immune to poison.
Your flesh is cold resistant. (rC+)
You are immune to negative energy. (rN+++)
You are immune to unholy pain and torment.
You can survive without breathing.


Message History

The blast of sand hits the ogre.
The ogre is moderately wounded.
b - 53 stones
Casting: Sandblast (safe; 3% risk of failure)
Confirm with . or Enter, or press ? or * to list all spells.
Aiming: Sandblast (safe; 3% risk of failure)
Press: ? - help, Shift-Dir - straight line, f/p - ogre
Aim: an ogre, wielding a giant club (lightly wounded)
The blast of sand hits the ogre.
The ogre is heavily wounded.
b - 52 stones
Casting: Sandblast (safe; 3% risk of failure)
Confirm with . or Enter, or press ? or * to list all spells.
Aiming: Sandblast (safe; 3% risk of failure)
Press: ? - help, Shift-Dir - straight line, f/p - ogre
Aim: an ogre, wielding a giant club (heavily wounded)
The blast of sand hits the ogre.
The ogre is severely wounded.
b - 51 stones Menkaure casts a spell.
Menkaure seems to speed up.
The ogre hits you with a giant club!!
Ouch! That really hurt!
* * * LOW HITPOINT WARNING * * *
Casting: Sandblast (safe; 3% risk of failure)
Confirm with . or Enter, or press ? or * to list all spells.
Aiming: Sandblast (safe; 3% risk of failure)
Press: ? - help, Shift-Dir - straight line, f/p - ogre
Aim: an ogre, wielding a giant club (severely wounded)
The blast of sand hits the ogre.
You kill the ogre!
Your Spellcasting skill increases to level 4!
b - 50 stones Unknown command.
Casting: Sandblast (safe; 2% risk of failure)
Confirm with . or Enter, or press ? or * to list all spells.
Aiming: Sandblast (safe; 2% risk of failure)
Press: ? - help, Shift-Dir - straight line, f - Menkaure
Aim: Menkaure (fast)
The blast of sand hits Menkaure.
Menkaure is heavily damaged.
b - 49 stones Unknown command.
Casting: Sandblast (safe; 2% risk of failure)
Confirm with . or Enter, or press ? or * to list all spells.
Aiming: Sandblast (safe; 2% risk of failure)
Press: ? - help, Shift-Dir - straight line, f/p - Menkaure
Aim: Menkaure (heavily damaged, fast)
The blast of sand hits Menkaure.
Menkaure is heavily damaged.
b - 48 stones Menkaure hits you.
* * * LOW HITPOINT WARNING * * *
Unknown command.
Casting: Sandblast (safe; 2% risk of failure)
Confirm with . or Enter, or press ? or * to list all spells.
Aiming: Sandblast (safe; 2% risk of failure)
Press: ? - help, Shift-Dir - straight line, f/p - Menkaure
Aim: Menkaure (heavily damaged, fast)
The blast of sand hits Menkaure.
Menkaure is almost destroyed.
b - 47 stones Menkaure closely misses you.
Menkaure hits you!!
Ouch! That really hurt!
You die...

≈.
#....>.......#
≈≈
#...........<###
≈≈
#..............#
≈≈
#..............#
≈≈
##............##
≈. ......
#............#
.. ....%.#
###..........#
.. .......
##.........# ..
.......
##@.##......# ..
.......
##M#######...#
.. .......###.##
#####
...O...#..##
......#.†##
.......)##
.......##
......# ....##


You could see Menkaure.

Vanquished Creatures
  A sky beast (D:4)
  An ogre (D:4)
  A centaur (D:4)
  A hound (D:3)
  An iguana (D:4)
  An orc wizard (D:4)
  A worker ant (D:4)
  4 adders
  An ooze (D:4)
  2 worms (D:2)
  3 dart slugs
  5 leopard geckos
  6 orcs
  8 bats
  4 giant cockroaches
  3 goblins
  4 hobgoblins
  3 jackals
  2 quokkas
  6 frilled lizards
  9 kobolds
  8 rats
75 creatures vanquished.

Notes
Turn   | Place    | Note
-------+----------+-------------------------------------------
     0 | D:1      | Amnesiac the Mummy Earth Elementalist began the quest for the Orb.
     0 | D:1      | Reached XP level 1. HP: 13/13 MP: 4/4
   202 | D:1      | Reached XP level 2. HP: 19/19 MP: 2/5
   206 | D:1      | Learned a level 2 spell: Passwall
  1130 | D:2      | Reached XP level 3. HP: 25/25 MP: 1/7
  1757 | D:2      | Reached skill level 1 in Fighting
  1909 | D:3      | Found a glowing silver altar of Zin.
  1945 | D:3      | Found a sparkling altar of Nemelex Xobeh.
  1953 | D:3      | Reached XP level 4. HP: 32/32 MP: 4/8
  2700 | D:3      | Found a burning altar of Makhleb.
  2703 | D:3      | Reached XP level 5. HP: 32/37 MP: 6/10
  2873 | D:4      | Learned a level 5 spell: Lee's Rapid Deconstruction
  2882 | D:4      | Found a staircase to the Ecumenical Temple.
  2892 | Temple   | Entered the Ecumenical Temple
  2943 | Temple   | Became a worshipper of Ashenzari the Shackled
  3324 | D:4      | Noticed a sky beast
  3333 | D:4      | HP: 1/37 [sky beast (5)]
  3334 | D:4      | Killed a sky beast
  3590 | D:4      | Reached XP level 6. HP: 37/44 MP: 8/11
  3910 | D:4      | Noticed Menkaure
  3975 | D:4      | Mangled by Menkaure

Vault maps used:
D:1:      minmay_arrival_floating_metal, minmay_hexomino_u4
D:2:      minmay_diamond_boxcup
D:3:      lemuel_doored_altar, old_standard_altar, serial_park_tiny_1, hex_tiny,
          makhleb_heckhound_becter
D:4:      temple_pool_b, first_ration, uniq_menkaure
Temple:   eino_wide_crystal_templ

Skill      XL: |  1  2  3  4  5  6 |
---------------+-------------------+-----
Dodging        | 2 3 4 |  4.0
Earth Magic    | 3 4 |  4.3
Spellcasting   | 3 4 |  4.1
Fighting       | 1 2 |  2.0
Stealth        | |  1.5
Transmutations | |  0.7

Action                   |  1- 3 |  4- 6 || total
-------------------------+-------+-------++-------
 Cast: Sandblast         |    75 |    84 ||   159
Invok: Curse Item        |       |     2 ||     2
Armor: Robe              |     3 |       ||     3
Dodge: Dodged            |    34 |    32 ||    66

Table legend:
 A = Spawn XP
 B = Non-spawn XP
 C = Spawn XP percentage of total XP
 D = Spawn monster count
 E = Non-spawn monster count
 F = Spawn count percentage of total count
 G = Total turns spent on level
                    A         B        C        D         E        F      G
               +---------+---------+-------+---------+---------+-------+---------
         Total |       0 |     689 |   0.0 |       0 |      75 |   0.0 |  3975
               +---------+---------+-------+---------+---------+-------+---------
           D:1 |       0 |      31 |   0.0 |       0 |      20 |   0.0 |  1007
           D:2 |       0 |      60 |   0.0 |       0 |      24 |   0.0 |  1102
           D:3 |       0 |     106 |   0.0 |       0 |      16 |   0.0 |   948
           D:4 |       0 |     492 |   0.0 |       0 |      15 |   0.0 |   851
               +---------+---------+-------+---------+---------+-------+---------
